 Dungeon Crawl Stone Soup version 0.14.0-2-gd2dacb9 (webtiles) character file.

77 Bloax the Skirmisher (level 2, 3/33 HPs)
             Began as an Ogre Fighter on Apr 10, 2014.
             Quit the game on Level 2 of the Dungeon.
             The game lasted 00:02:11 (400 turns).

Bloax the Skirmisher (Ogre Fighter)                  Turns: 400, Time: 00:02:11

HP   3/33        AC  3     Str 20      XL: 2   Next: 54%
MP   2/2         EV  8     Int  7      God:
Gold 61          SH 16     Dex  9      Spells:  0 memorised,  1 level left

rFire  . . .     SeeInvis .     a - +0 flail
rCold  . . .     Clarity  .     b - +0 robe
rNeg   . . .     Conserve .     c - +0 shield
rPois  .         rCorr    .     (helmet restricted)
rElec  .         rRot     .     (no cloak)
SustAb . .       Spirit   .     (gloves unavailable)
rMut   .         Warding  .     (boots unavailable)
Saprov + . .     Stasis   .     (no amulet)
MR     .....                    (no ring)
                                (no ring)

@: lethally poisoned, not resistant to hostile enchantments, very unstealthy
A: unfitting armour, fast metabolism 1, saprovore 1, tough skin 1
a: no special abilities


You were on level 2 of the Dungeon.
You were not hungry.

You visited 1 branch of the dungeon, and saw 2 of its levels.

You collected 61 gold pieces.


Innate Abilities, Weirdness & Mutations

You are too large for most types of armour.
You have a fast metabolism.
You can tolerate rotten meat.
You have tough skin (AC +1).


   Skills:
 + Level 4.4 Fighting
 * Level 3.6 Maces & Flails
 + Level 2.7 Dodging
 - Level 2.6 Shields


You had one spell level left.
You didn't know any spells.

Dungeon Overview and Level Annotations

Branches:
Dungeon (2/15)

Altars:

Inventory:

Hand weapons
 a - a +0,+0 flail (weapon)
Armour
 b - a +0 robe (worn)
 c - a +0 shield (worn)
Comestibles
 d - 2 meat rations
Scrolls
 f - a scroll of enchant weapon II {unknown}
 h - a scroll of remove curse {unknown}
 i - 2 scrolls of identify {unknown}
Potions
 e - a potion of might

# .... ..... ......
.......#####
##########
...........#
#......... .......
#.###.....#
........###.........##
......$.S@...........#
........#######......#
####### ######.# #.#
#.# #######.#####
#.........%...
.#######.#### #.#


You could see an adder.


Message History

You thump the goblin!
You kill the goblin!
Things that are here:
a dagger; a goblin corpse
Found a leather armour.
A rat comes into view.
A rat is nearby!
A hobgoblin comes into view.
The hobgoblin shouts!
The hobgoblin hits you but does no damage.
The rat bites you but does no damage.
You barely miss the hobgoblin. The hobgoblin barely misses you.
The rat bites you.
You closely miss the hobgoblin. You block the hobgoblin's attack.
The rat bites you. The hobgoblin hits you.
You closely miss the hobgoblin.
The hobgoblin hits you but does no damage.
The hobgoblin barely misses you.
You hit the hobgoblin.
The hobgoblin is heavily wounded.
The hobgoblin hits you.
You hit the hobgoblin.
You kill the hobgoblin!
You hit the rat.
The rat is heavily wounded.
The rat closely misses you.
You hit the rat.
You kill the rat!
Things that are here:
a rat corpse; a hobgoblin corpse
Found 13 gold pieces.
An adder comes into view.
You hit the adder.
The adder is moderately wounded.
The adder bites you. You block the adder's attack.
You barely miss the adder.
The adder is moderately wounded.
The adder bites you.
You barely miss the adder.
The adder is moderately wounded.
The adder bites you. x2
* * * LOW HITPOINT WARNING * * *
You are poisoned.
The adder poisons you!
You hit the adder but do no damage.
The adder is moderately wounded.
You feel sick. The adder bites you.
* * * LOW HITPOINT WARNING * * *
You miss the adder.
The adder is moderately wounded.
You feel sick. The adder bites you.
* * * LOW HITPOINT WARNING * * *
You are lethally poisoned!
The adder poisons you! You block the adder's attack.
You closely miss the adder.
The adder is moderately wounded.
* * * LOW HITPOINT WARNING * * *
You feel sick. The adder bites you.
* * * LOW HITPOINT WARNING * * *
You are more poisoned.
The adder poisons you!
Drink which item? (? for menu, Esc to quit)
You feel refreshed.
It was a potion of restore abilities.
* * * LOW HITPOINT WARNING * * *
You feel sick. The adder bites you.
* * * LOW HITPOINT WARNING * * *
You are more poisoned.
The adder poisons you! The adder barely misses you.
Are you sure you want to abandon this character and quit the game? (Confirm with "yes".)

Action                   || total
-------------------------++-------
Melee: Flail             ||    58
  Use: Potion            ||     1

Vault maps used:
D:1:      minmay_arrival_arboretum_small
D:2:      lemuel_blue_sif_altar, uniq_terence

Notes
Turn   | Place    | Note
--------------------------------------------------------------
     0 | D:1      | Bloax, the Ogre Fighter, began the quest for the Orb.
     0 | D:1      | Reached XP level 1. HP: 24/24 MP: 1/1
    80 | D:1      | Reached skill level 3 in Maces & Flails
   147 | D:1      | Reached XP level 2. HP: 32/32 MP: 2/2
   397 | D:2      | HP: 6/33 [adder (3)]
   400 | D:2      | Quit the game

Vanquished Creatures
  2 oozes (D:1)
  2 hobgoblins
  2 bats (D:1)
  3 goblins
  7 rats
16 creatures vanquished.
